 Dungeon Crawl Stone Soup version 0.27-a0-1137-g3ef0f4ec91 (webtiles) character file.

Game seed: 2931136382160891233

43 leviel the Bolt Thrower (level 3, -5/31 HPs)
             Began as a Minotaur Hunter on May 6, 2021.
             Slain by Natasha (7 damage)
             ... on level 2 of the Dungeon.
             The game lasted 00:01:25 (993 turns).

leviel the Bolt Thrower (Minotaur Hunter)            Turns: 993, Time: 00:01:26

Health: -5/31      AC: 12    Str: 13 (16) XL:     3   Next: 37%
Magic:  2/2        EV:  2    Int:  6 (8)  God:
Gold:   107        SH:  2    Dex:  8 (11) Spells: 2/2 levels left

rFire    . . .     SeeInvis .   b - +0 short sword
rCold    . . .     Faith    .   j - +0 buckler
rNeg     . . .     Spirit   .   h - +0 plate armour
rPois    .         Reflect  .   i - +2 hat
rElec    .         Harm     .   (no cloak)
rCorr    .         Rampage  .   (no gloves)
Will     .....                  (no boots)
Stlth    ..........             (no amulet)
HPRegen  0.10/turn              (no ring)
MPRegen  0.08/turn              (no ring)

@: no status effects
A: horns 2, retaliatory headbutt
a: no special abilities


You were on level 2 of the Dungeon.
You visited 1 branch of the dungeon, and saw 2 of its levels.

You collected 107 gold pieces.

Inventory:

Hand Weapons
 a - a +1 hand crossbow
 b - a +0 short sword (weapon)
Missiles
 d - 36 bolts
Armour
 h - a +0 plate armour (worn)
 i - a +2 hat (worn)
 j - a +0 buckler (worn)
Jewellery
 e - an amulet of reflection
Potions
 f - a potion of magic


   Skills:
 * Level 3.1 Fighting
 + Level 0.3 Short Blades
 + Level 5.0 Crossbows
 + Level 0.2 Armour
 + Level 2.6 Dodging
 + Level 0.7 Stealth


You had 2 spell levels left.
You didn't know any spells.
Your spell library contained the following spells:

 Spells                   Type           Power      Damage    Failure   Level
 Animate Skeleton         Necr           0%         N/A       100%        1
 Pain                     Necr           0%         1d4       100%        1
 Vampiric Draining        Necr           0%         2d6       100%        3
 Animate Dead             Necr           0%         N/A       100%        4
 Agony                    Necr           0%         N/A       100%        5


Dungeon Overview and Level Annotations

Branches:
Dungeon (2/15)

Altars:

Annotations:
D:2 Natasha


Innate Abilities, Weirdness & Mutations

You have a pair of horns on your head.
You reflexively headbutt those who attack you in melee.


Message History

You are too injured to fight recklessly!
You are too injured to fight recklessly!
You are too injured to fight recklessly!
You are too injured to fight recklessly!
You are too injured to fight recklessly!
You are too injured to fight recklessly!
You barely miss Natasha. Natasha claws you but does no damage.
The shadow imp lashes its tail.
You miss Natasha.
Natasha mumbles some strange words.
The crimson imp hits you but does no damage.
Natasha barely misses you.
Natasha casts a spell.
As you read the scroll labelled DATYM OTRE, it crumbles to dust.
It is a scroll of identify.
f - a potion of magic It was a potion of degeneration.
There was something very wrong with that liquid.
You feel weakened.
You feel dopey.
You feel clumsy.
Natasha howls an incantation.
You feel disoriented.
Natasha stares at you and mumbles some strange words.
The magic dart hits you.
* * * LOW HITPOINT WARNING * * *
You hit Natasha. Your headbutt misses Natasha.
Natasha is moderately wounded.
Natasha claws you but does no damage.
You hit Natasha.
Natasha is moderately wounded.
Natasha claws you but does no damage.
You closely miss Natasha.
Natasha is moderately wounded.
Natasha casts a spell at you.
The magic dart hits you but does no damage.
Natasha claws you!
* * * LOW HITPOINT WARNING * * *
You closely miss Natasha.
Natasha is moderately wounded.
Natasha claws you!
You die...

#....# #.
##...##
######...##
#.......##
#....#.##
#....#.#
#......###
#...#....####.##
#..(#@##........
#####h##########
#5# #####5#
#....5#
#............
##########(##


You could see an iron imp (summoned), Natasha, a crimson imp (summoned) and a
shadow imp (summoned).

Vanquished Creatures
  An adder (D:2)
  2 endoplasms
  4 giant cockroaches
  2 goblins (D:1)
  2 hobgoblins
  2 quokkas (D:1)
  6 ball pythons
  5 bats
  4 frilled lizards (D:1)
  2 kobolds (D:1)
  2 rats (D:1)
32 creatures vanquished.

Notes
Turn   | Place    | Note
-------+----------+-------------------------------------------
     0 | D:1      | leviel the Minotaur Hunter began the quest for the Orb.
     0 | D:1      | Reached XP level 1. HP: 18/18 MP: 0/0
   297 | D:1      | Reached XP level 2. HP: 25/25 MP: 1/1
   739 | D:2      | Reached XP level 3. HP: 29/31 MP: 2/2
   770 | D:2      | Reached skill level 5 in Crossbows
   853 | D:2      | Found a faded altar of an unknown god.
   973 | D:2      | Noticed Natasha
   993 | D:2      | Slain by Natasha

Illustrated notes

Levels and vault maps discovered:
D:1:      dpeg_arrival_three_smaller_balls, layout_basic, kennysheep_nondescript
D:2:      layout_rooms, ebering_ecumenical_altar_rust, minmay_lizard_king,
          uniq_natasha

Skill      XL: |  1  2  3 |
---------------+----------+-----
Fighting       | 3 |  3.1
Crossbows      | 5 |  5.0
Short Blades   | |  0.3
Armour         | |  0.2
Dodging        | |  2.6
Stealth        | |  0.7

Action                   || total
-------------------------++-------
Melee: Short sword       ||    81
       Headbutt          ||    13
  Use: Scroll            ||     1
       Potion            ||     1
Armor: Leather armour    ||     9
       Plate armour      ||    50
Dodge: Dodged            ||    34

Table legend: (Time is in decaauts)
 A = Elapsed time spent in this place.
 B = Non-inter-level travel time spent in this place.
 C = Inter-level travel time spent in this place.
 D = Time resting spent in this place.
 E = Time spent auto-exploring this place.
 F = Levels seen in this place.
 G = Mean time per level.
                   A        B        C        D        E       F      G
               +--------+--------+--------+--------+--------+-----+--------+
         Total |   1001 |    969 |     32 |      0 |    771 |   2 |  500.5 |
       Dungeon |   1001 |    969 |     32 |      0 |    771 |   2 |  500.5 |
               +--------+--------+--------+--------+--------+-----+--------+

Top non-repeatable levels by time:
     D:1: 731 daAuts
     D:2: 269 daAuts
